AoeStats
← Iaguinho Ohh+ Brabo

Black Forest

509373557Analyzed
3v3 RM · 6d ago on Sep 26, 2026· 101m 56s· 6 players
Game mode
Random Map
Map size
Normal (6 player)
Population
200
Speed
Normal
Resources
Standard
Victory
Conquest
Starting age
Dark Age
Ending age
Imperial Age
RankedLock teamsTeams togetherTeam positionsShared explorationLock speedFull tech treeHidden civsTurbo modeCheats
Victory
Defeat
🇬🇧 Turks · United Kingdom
865
+11
🇬🇧 Danes · United Kingdom
831
+13
🇬🇧 Britons · United Kingdom
631
+21
🇧🇷 Byzantines · Brazil
779
-16
🇹🇷 Japanese · Türkiye
775
-16
🇹🇷 Mongols · Türkiye
706
-13
ozgurulas90
14:24 Feudal Age
16:44 Horse Collar
16:53 Double-Bit Axe
17:02 Stone Mining
17:11 Gold Mining
19:38 Castle Age
20:51 Forging
20:42 Scale Mail Armor
20:55 Bow Saw
20:50 Heavy Plow
21:39 Gold Shaft Mining
33:44 Imperial Age
36:29 Iron Casting
36:10 Chain Mail Armor
36:05 Scale Barding Armor
37:08 Two-Man Saw
36:09 Town Watch
37:00 Wheelbarrow
36:10 Loom
36:51 Conscription
37:04 Kataparuto
36:38 Capped Ram
37:43 Elite Samurai
43:21 Elite Skirmisher
45:08 Blast Furnace
44:39 Plate Mail Armor
44:30 Chain Barding Armor
44:11 Padded Archer Armor
44:01 Fletching
45:00 Hoardings
52:55 Leather Archer Armor
52:35 Bodkin Arrow
53:49 Chemistry
52:30 Treadmill Crane
52:46 Murder Holes
53:13 Ballistics
53:58 Pikeman
54:39 Squires
55:14 Ring Archer Armor
54:45 Bracer
56:52 Caravan
57:09 Halberdier
59:04 Onager
96:05 Cavalier
96:17 Light Cavalry
97:07 Bloodlines
Iaguinho Ohh+ Brabo
10:09 Feudal Age
11:45 Double-Bit Axe
12:33 Gold Mining
20:10 Castle Age
18:50 Wheelbarrow
18:04 Horse Collar
18:18 Stone Mining
21:17 Husbandry
21:25 Scale Barding Armor
21:30 Forging
22:11 Gold Shaft Mining
22:01 Bow Saw
24:31 Chain Barding Armor
24:47 Iron Casting
30:34 Imperial Age
30:56 Hand Cart
32:50 Conscription
33:09 Plate Barding Armor
33:09 Elite Cataphract
35:51 Logistica
37:18 Two-Man Saw
37:00 Stone Shaft Mining
36:31 Heavy Plow
40:01 Chemistry
41:02 Fletching
41:13 Padded Archer Armor
41:13 Elite Skirmisher
42:43 Bodkin Arrow
43:03 Leather Archer Armor
44:14 Bracer
44:49 Ring Archer Armor
47:39 Hoardings
54:02 Crop Rotation
54:16 Thumb Ring
54:38 Ballistics
54:40 Bombard Tower
55:15 Caravan
55:45 Coinage
55:26 Guilds
57:44 Banking
63:09 Elite Varangian Guard
63:58 Squires
63:46 Gambesons
64:09 Scale Mail Armor
68:04 Chain Mail Armor
72:31 Guard Tower
72:39 Murder Holes
72:55 Fortified Wall
76:09 Light Cavalry
78:39 Hussar
oguayd
0:37 Loom
13:24 Feudal Age
14:01 Horse Collar
14:09 Double-Bit Axe
15:19 Wheelbarrow
15:49 Gold Mining
15:50 Stone Mining
24:46 Castle Age
25:14 Arson
27:24 Bow Saw
27:33 Heavy Plow
28:38 Gold Shaft Mining
28:59 Stone Shaft Mining
29:28 Squires
30:28 Hand Cart
33:38 Caravan
37:13 Coinage
40:49 Imperial Age
40:11 Forging
39:52 Fletching
40:03 Padded Archer Armor
40:03 Scale Mail Armor
42:06 Drill
42:07 Conscription
41:18 Sappers
41:50 Nomads
41:53 Elite Steppe Lancer
42:40 Husbandry
42:01 Cavalier
43:21 Hoardings
43:17 Elite Mangudai
46:25 Chemistry
46:05 Iron Casting
45:26 Bodkin Arrow
45:47 Leather Archer Armor
45:47 Chain Mail Armor
45:38 Scale Barding Armor
45:03 Pikeman
50:27 Ballistics
55:10 Banking
67:30 Chain Barding Armor
67:41 Plate Mail Armor
68:12 Blast Furnace
67:13 Bracer
67:26 Masonry
67:21 Siege Engineers
79:07 Elite Skirmisher
OGL Chilv
0:46 Loom
15:16 Feudal Age
16:22 Fishing Lines
21:40 Castle Age
20:19 Double-Bit Axe
22:39 Gillnets
23:49 Caravan
24:16 Gold Mining
24:17 Stone Mining
25:14 Bow Saw
26:27 Man-at-Arms
28:08 Crossbowman
39:35 Elite Skirmisher
45:43 Padded Archer Armor
45:34 Fletching
49:45 Imperial Age
53:49 Hoardings
52:38 Elite Longbowman
61:56 Leather Archer Armor
61:36 Bodkin Arrow
88:55 Pikeman
raybae2000
0:31 Loom
12:57 Feudal Age
14:55 Double-Bit Axe
15:17 Gold Mining
17:32 Castle Age
15:35 Horse Collar
18:46 Bow Saw
18:19 Fishing Lines
19:18 Gold Shaft Mining
19:02 Gillnets
19:22 Heavy Plow
26:28 Wheelbarrow
30:58 Imperial Age
28:59 Hand Cart
30:58 Fletching
31:18 Forging
31:08 Scale Mail Armor
31:04 Hamask
33:42 Hoardings
32:32 Man-at-Arms
32:57 Gambesons
33:13 Squires
32:33 Pikeman
32:58 Arson
32:34 Elite Varangian Guard
33:38 Conscription
33:34 Town Watch
33:13 Onager
34:02 Bodkin Arrow
34:42 Iron Casting
34:22 Chain Mail Armor
35:45 Siege Onager
35:52 Long Swordsman
35:53 Halberdier
36:37 Bracer
37:38 Blast Furnace
37:30 Elite Jomsviking
38:30 Northmen's Fury
39:01 Two-Handed Swordsman
40:35 Siege Engineers
41:30 Chemistry
40:42 Masonry
40:27 Murder Holes
41:19 Caravan
43:18 Ballistics
44:02 Champion
44:56 Capped Ram
46:13 Plate Mail Armor
46:21 Siege Ram
55:18 Town Patrol
59:31 Careening
59:45 Shipwright
67:24 Dry Dock
Bourny96
0:39 Loom
14:41 Feudal Age
19:55 Castle Age
17:51 Fishing Lines
19:35 Double-Bit Axe
19:32 Horse Collar
20:39 Wheelbarrow
23:24 Fletching
24:20 Bodkin Arrow
25:13 Hand Cart
25:43 Bow Saw
26:09 Heavy Plow
29:19 Scale Barding Armor
29:27 Forging
34:56 Imperial Age
35:40 Chain Barding Armor
36:24 Padded Archer Armor
37:04 Iron Casting
38:25 Elite Janissary
41:14 Bloodlines
41:46 Artillery
43:26 Caravan
44:21 Gold Mining
46:49 Plate Barding Armor
47:14 Blast Furnace
46:15 Bracer
46:15 Padded Archer Armor
49:04 Town Watch
49:41 Ballistics
49:18 Murder Holes
49:34 Masonry
51:43 Heavy Scorpion
Connection lost

Rejoining the realm…

Still unreachable

The connection could not be restored.

Session expired

The server has moved on; the page needs a fresh start.